General information
- name: BNet
- type: Ladder team game (AT/RT)
- host: Battle.net
- saver: LoveIsOutOfSigh
map: MarketSquare
- players: 8
- length: 113:42
- speed: Fast
- version: 1.26 W3XP
- replay type: Public
» download(403 KB)
Players
team 1 (winner)
speed_shotx (
orange | 67 APM | 3350 actions | 50:18)
9 Death Knight
3 Death Coil
3 Unholy Aura
1 Animate Dead
2 Death Pact
8 Lich
3 Frost Nova
2 Frost Armor
2 Dark Ritual
1 Death and Decay
» actions
| Assign group hotkey | 75 | |
| Basic commands | 307 | |
| Build / train | 170 | |
| ESC pressed | 1 | |
| Enter build submenu | 44 | |
| Enter hero's abilities submenu | 18 | |
| Give item / drop item | 5 | |
| Right click | 1302 | |
| Select / deselect | 692 | |
| Select group hotkey | 542 | |
| Use ability | 194 | |
3350 total
» units
| Acolyte | 11 | |
| Ghoul | 5 | |
| Crypt Fiend | 47 | |
| Obsidian Statue | 4 | |
| Banshee | 6 | |
| Frost Wyrm | 10 | |
83 total
» upgrades
| Creature Attack | 4 | |
| Creature Carapace | 4 | |
| Web | 2 | |
| Burrow | 1 | |
| Banshee Training | 1 | |
| Freezing Breath | 1 | |
13 total
» buildings
| Altar of Darkness | 2 | |
| Ziggurat | 18 | |
| Crypt | 3 | |
| Graveyard | 2 | |
| Tomb of Relics | 2 | |
| Nerubian Tower | 4 | |
| Halls of the Dead | 2 | |
| Spirit Tower | 5 | |
| Black Citadel | 2 | |
| Sacrificial Pit | 1 | |
| Slaughterhouse | 1 | |
| Temple of the Damned | 1 | |
| Boneyard | 2 | |
| Necropolis | 1 | |
46 total
» build order
00:16 Altar of Darkness
00:19 Ziggurat
00:37 Crypt
01:01 Graveyard
01:18 Tomb of Relics
01:36 Ziggurat
02:15 Tomb of Relics
02:40 Nerubian Tower
03:38 Ziggurat
03:47 Ziggurat
04:51 Nerubian Tower
05:22 Halls of the Dead
05:32 Ziggurat
06:12 Halls of the Dead
06:31 Spirit Tower
07:46 Black Citadel
07:46 Black Citadel
07:48 Sacrificial Pit
08:17 Ziggurat
08:45 Slaughterhouse
08:48 Temple of the Damned
09:38 Ziggurat
10:10 Boneyard
10:16 Boneyard
13:51 Ziggurat
15:12 Ziggurat
16:31 Ziggurat
16:35 Ziggurat
16:50 Spirit Tower
16:50 Spirit Tower
18:38 Ziggurat
18:39 Ziggurat
24:44 Altar of Darkness
24:47 Ziggurat
24:48 Crypt
26:05 Graveyard
26:37 Ziggurat
26:38 Ziggurat
28:48 Ziggurat
30:21 Ziggurat
32:10 Necropolis
33:30 Crypt
35:28 Spirit Tower
38:21 Nerubian Tower
» items
| Rod of Necromancy | 1 | |
| Dust of Appearance | 5 | |
| Scroll of Healing | 1 | |
| Scroll of Town Portal | 8 | |
| Potion of Healing | 2 | |
| Potion of Mana | 1 | |
| Potion of Lesser Invulnerability | 1 | |
19 total

»
vvcx (
blue | 19 APM | 40 actions | 02:05)
» actions
| Build / train | 5 | |
| Enter build submenu | 5 | |
| Right click | 15 | |
| Select / deselect | 10 | |
| Use ability | 5 | |
40 total
» units
» buildings
| Crypt | 1 | |
| Ziggurat | 2 | |
| Altar of Darkness | 1 | |
| Graveyard | 1 | |
5 total
» build order
00:15 Crypt
00:20 Ziggurat
00:38 Altar of Darkness
01:22 Ziggurat
01:29 Graveyard
ReallyDigBick (
red | 21 APM | 2391 actions | 113:42)
10 Blademaster
3 Wind Walk
3 Critical Strike
1 Bladestorm
3 Mirror Image
1 Lich
1 Frost Armor
» actions
| Assign group hotkey | 6 | |
| Build / train | 87 | |
| Enter build submenu | 41 | |
| Enter hero's abilities submenu | 11 | |
| Give item / drop item | 12 | |
| Remove unit from queue | 5 | |
| Right click | 1383 | |
| Select / deselect | 592 | |
| Select group hotkey | 78 | |
| Use ability | 176 | |
2391 total
» units
| Peon | 9 | |
| Troll Headhunter/Berserker | 9 | |
| Shaman | 10 | |
| Demolisher | 6 | |
| Troll Witch Doctor | 1 | |
35 total
» upgrades
| Ranged Weapons | 2 | |
| Shaman Training | 2 | |
| Berserker Upgrade | 1 | |
| Reinforced Defenses | 1 | |
| Burning Oil | 1 | |
7 total
» buildings
| Altar of Storms | 1 | |
| Orc Burrow | 5 | |
| War Mill | 1 | |
| Barracks | 1 | |
| Watch Tower | 26 | |
| Voodoo Lounge | 1 | |
| Stronghold | 1 | |
| Spirit Lodge | 1 | |
| Fortress | 1 | |
| Spirit Tower | 1 | |
39 total
» build order
00:03 Altar of Storms
00:05 Orc Burrow
01:08 War Mill
01:18 Barracks
03:43 Orc Burrow
04:06 Watch Tower
04:40 Watch Tower
05:12 Voodoo Lounge
05:30 Orc Burrow
07:29 Stronghold
08:45 Orc Burrow
09:55 Spirit Lodge
09:59 Fortress
11:03 Watch Tower
11:15 Watch Tower
14:24 Orc Burrow
14:52 Watch Tower
15:01 Watch Tower
15:05 Watch Tower
15:13 Watch Tower
15:23 Watch Tower
16:36 Watch Tower
17:50 Watch Tower
18:42 Watch Tower
21:00 Watch Tower
22:44 Watch Tower
27:04 Watch Tower
27:10 Watch Tower
33:51 Watch Tower
34:41 Watch Tower
34:46 Watch Tower
35:15 Watch Tower
36:35 Watch Tower
38:28 Watch Tower
40:05 Watch Tower
40:13 Watch Tower
40:20 Watch Tower
41:37 Watch Tower
46:15 Spirit Tower
» items
| Scroll of Healing | 1 | |
| Potion of Healing | 6 | |
| Healing Salve | 2 | |
| Scroll of Town Portal | 1 | |
| Potion of Mana | 4 | |
| Staff of Teleportation | 3 | |
| Orb of Corruption | 1 | |
| Dust of Appearance | 1 | |
| Orb of Lightning | 5 | |
| Tiny Great Hall | 1 | |
25 total
ThyBeast (
green | 28 APM | 1227 actions | 43:12)
7 Tauren Chieftain
3 War Stomp
3 Endurance Aura
1 Reincarnation
» actions
| Basic commands | 51 | |
| Build / train | 105 | |
| Enter build submenu | 31 | |
| Enter hero's abilities submenu | 7 | |
| Right click | 593 | |
| Select / deselect | 376 | |
| Use ability | 64 | |
1227 total
» units
| Peon | 22 | |
| Grunt | 17 | |
| Troll Headhunter/Berserker | 25 | |
| Tauren | 11 | |
75 total
» upgrades
| Pillage | 1 | |
| Armor | 3 | |
| Melee Weapons | 3 | |
| Ranged Weapons | 3 | |
| Spiked Barricades | 3 | |
| Pulverize | 1 | |
| Berserker Upgrade | 1 | |
| Berserker Strength | 1 | |
| Troll Regeneration | 1 | |
| Reinforced Defenses | 1 | |
18 total
» buildings
| Orc Burrow | 11 | |
| Altar of Storms | 1 | |
| Barracks | 2 | |
| Voodoo Lounge | 1 | |
| War Mill | 3 | |
| Watch Tower | 8 | |
| Stronghold | 1 | |
| Fortress | 2 | |
| Tauren Totem | 2 | |
| Great Hall | 1 | |
32 total
» build order
00:06 Orc Burrow
00:11 Altar of Storms
01:38 Orc Burrow
02:04 Barracks
03:12 Orc Burrow
04:03 Voodoo Lounge
04:47 War Mill
05:22 Barracks
06:09 Orc Burrow
06:40 Watch Tower
06:45 Watch Tower
06:52 Watch Tower
08:16 War Mill
08:34 Orc Burrow
08:55 Stronghold
10:30 Watch Tower
10:36 Watch Tower
10:40 Watch Tower
11:17 Fortress
13:57 Tauren Totem
14:02 Tauren Totem
17:00 Orc Burrow
17:03 Orc Burrow
18:16 War Mill
28:15 Orc Burrow
28:20 Orc Burrow
29:29 Orc Burrow
29:31 Orc Burrow
32:13 Watch Tower
32:17 Watch Tower
34:30 Great Hall
» items
team 2 (loser)
Foo_Fighter (
pink | 29 APM | 1951 actions | 66:45)
8 Paladin
3 Holy Light
3 Devotion Aura
1 Resurrection
1 Divine Shield
» actions
| Assign group hotkey | 21 | |
| Basic commands | 1 | |
| Build / train | 97 | |
| Enter build submenu | 40 | |
| Enter hero's abilities submenu | 8 | |
| Give item / drop item | 1 | |
| Remove unit from queue | 2 | |
| Right click | 652 | |
| Select / deselect | 630 | |
| Select group hotkey | 419 | |
| Use ability | 80 | |
1951 total
» units
| Peasant | 17 | |
| Footman | 6 | |
| Rifleman | 6 | |
| Mortar Team | 9 | |
| Wind Rider | 4 | |
| Siege Engine | 10 | |
| Knight | 3 | |
55 total
» upgrades
| Masonry | 3 | |
| Long Rifles | 1 | |
| Gunpowder | 3 | |
| Lumber Harvesting | 2 | |
| Armor | 3 | |
| Barrage | 1 | |
| Fragmentation Shards | 1 | |
| Plating | 3 | |
| Flare | 1 | |
| Envenomed Spears | 1 | |
19 total
» buildings
| Altar of Kings | 1 | |
| Farm | 11 | |
| Barracks | 2 | |
| Lumber Mill | 4 | |
| Scout Tower | 9 | |
| Arcane Tower | 1 | |
| Keep | 1 | |
| Blacksmith | 1 | |
| Town Hall | 2 | |
| Guard Tower | 4 | |
| Castle | 1 | |
| Workshop | 2 | |
| Arcane Vault | 1 | |
| Great Hall | 1 | |
| Beastiary | 3 | |
44 total
» build order
00:21 Altar of Kings
00:39 Farm
00:56 Barracks
01:15 Farm
01:28 Lumber Mill
01:37 Scout Tower
01:54 Farm
02:21 Arcane Tower
02:38 Farm
03:18 Farm
03:55 Keep
04:54 Blacksmith
06:08 Town Hall
06:11 Scout Tower
06:12 Scout Tower
06:14 Scout Tower
06:17 Scout Tower
06:25 Barracks
06:39 Scout Tower
06:42 Scout Tower
06:45 Scout Tower
06:49 Scout Tower
06:51 Guard Tower
06:56 Guard Tower
07:13 Guard Tower
07:19 Guard Tower
07:46 Farm
08:22 Lumber Mill
08:32 Farm
09:36 Castle
12:10 Workshop
12:12 Workshop
12:19 Arcane Vault
13:39 Lumber Mill
14:44 Farm
14:46 Farm
15:35 Farm
16:14 Farm
23:12 Great Hall
23:48 Beastiary
23:50 Beastiary
25:06 Beastiary
31:42 Lumber Mill
39:48 Town Hall
» items
| Scroll of Town Portal | 3 | |
| Potion of Mana | 1 | |
| Potion of Healing | 1 | |
5 total

»
Destronoyzer (
purple | 88 APM | 1535 actions | 17:24)
4 Blademaster
2 Wind Walk
2 Critical Strike
3 Shadow Hunter
2 Healing Wave
1 Hex
2 Tauren Chieftain
1 Endurance Aura
1 War Stomp
» actions
| Assign group hotkey | 28 | |
| Basic commands | 100 | |
| Build / train | 72 | |
| ESC pressed | 1 | |
| Enter build submenu | 13 | |
| Enter hero's abilities submenu | 9 | |
| Give item / drop item | 1 | |
| Right click | 544 | |
| Select / deselect | 268 | |
| Select group hotkey | 439 | |
| Use ability | 60 | |
1535 total
» units
| Peon | 9 | |
| Troll Headhunter/Berserker | 15 | |
| Shaman | 4 | |
| Troll Witch Doctor | 3 | |
31 total
» upgrades
| Ranged Weapons | 3 | |
| Shaman Training | 2 | |
| Troll Regeneration | 1 | |
| Berserker Upgrade | 1 | |
| Witch Doctor Training | 2 | |
| Armor | 2 | |
11 total
» buildings
| Altar of Storms | 1 | |
| Orc Burrow | 6 | |
| Voodoo Lounge | 1 | |
| Stronghold | 3 | |
| War Mill | 1 | |
| Barracks | 1 | |
| Fortress | 1 | |
| Spirit Lodge | 1 | |
| Great Hall | 2 | |
17 total
» build order
00:11 Altar of Storms
00:19 Orc Burrow
00:50 Voodoo Lounge
02:17 Stronghold
02:17 Stronghold
02:17 Stronghold
02:33 Orc Burrow
03:17 War Mill
03:21 Barracks
03:55 Orc Burrow
05:10 Fortress
05:28 Spirit Lodge
06:50 Orc Burrow
09:24 Orc Burrow
12:30 Great Hall
13:22 Orc Burrow
13:43 Great Hall
» items
| Healing Salve | 4 | |
| Lesser Clarity Potion | 4 | |
| Orb of Lightning | 2 | |
| Potion of Healing | 2 | |
| Potion of Mana | 1 | |
| Scroll of Town Portal | 1 | |
14 total

»
Pepito (
yellow | 17 APM | 1907 actions | 113:42)
10 Priestess of the Moon
3 Searing Arrows
3 Trueshot Aura
1 Starfall
3 Scout
4 Shadow Hunter
2 Hex
1 Healing Wave
1 Big Bad Voodoo
4 Keeper of the Grove
2 Entangling Roots
2 Force of Nature
» actions
| Basic commands | 682 | |
| Build / train | 134 | |
| Enter build submenu | 31 | |
| Enter hero's abilities submenu | 18 | |
| Give item / drop item | 4 | |
| Right click | 9 | |
| Select / deselect | 829 | |
| Use ability | 200 | |
1907 total
» units
| Wisp | 23 | |
| Archer | 31 | |
| Hippogryph | 19 | |
| Shaman | 7 | |
| Druid of the Talon | 4 | |
84 total
» upgrades
| Strength of the Moon | 3 | |
| Improved Bows | 1 | |
| Moon Armor | 4 | |
| Hippogryph Taming | 1 | |
| Strength of the Wild | 3 | |
| Reinforced Hides | 3 | |
| Druid of the Talon Training | 2 | |
| Marksmanship | 1 | |
| Mark of the Talon | 1 | |
19 total
» buildings
| Altar of Elders | 2 | |
| Moon Well | 17 | |
| Ancient of War | 2 | |
| Tree of Ages | 1 | |
| Hunter's Hall | 1 | |
| Ancient of Wind | 2 | |
| Tree of Life | 2 | |
| Spirit Lodge | 1 | |
| Tree of Eternity | 1 | |
| Ancient of Wonders | 1 | |
30 total
» build order
00:15 Altar of Elders
00:21 Moon Well
00:29 Moon Well
00:50 Ancient of War
01:32 Moon Well
02:21 Moon Well
03:06 Tree of Ages
03:50 Hunter's Hall
04:55 Moon Well
06:07 Moon Well
06:32 Ancient of Wind
06:36 Ancient of Wind
07:06 Ancient of War
10:27 Tree of Life
14:51 Moon Well
18:00 Moon Well
18:26 Spirit Lodge
19:10 Tree of Eternity
23:50 Moon Well
25:00 Moon Well
25:09 Moon Well
26:04 Ancient of Wonders
26:10 Moon Well
28:46 Moon Well
37:38 Tree of Life
41:42 Moon Well
41:46 Moon Well
60:00 Moon Well
87:47 Altar of Elders
87:57 Moon Well
» items
| Boots of Speed | 1 | |
| Potion of Lesser Invulnerability | 1 | |
| Orb of Lightning | 1 | |
| Scroll of Speed | 1 | |
| Orb of Venom | 1 | |
| Scroll of Town Portal | 3 | |
| Tiny Great Hall | 1 | |
9 total
LoveIsOutOfSigh (
teal | 38 APM | 4344 actions | 113:42)
10 Blademaster
3 Wind Walk
3 Critical Strike
1 Bladestorm
3 Mirror Image
» actions
| Assign group hotkey | 408 | |
| Basic commands | 77 | |
| Build / train | 84 | |
| Enter build submenu | 105 | |
| Enter hero's abilities submenu | 11 | |
| Give item / drop item | 9 | |
| Remove unit from queue | 3 | |
| Right click | 1985 | |
| Select / deselect | 634 | |
| Select group hotkey | 515 | |
| Use ability | 513 | |
4344 total
» units
| Peon | 28 | |
| Grunt | 4 | |
| Troll Batrider | 7 | |
| Troll Witch Doctor | 6 | |
45 total
» upgrades
| Armor | 3 | |
| Reinforced Defenses | 1 | |
| Troll Regeneration | 1 | |
| Liquid Fire | 1 | |
| Witch Doctor Training | 2 | |
| Ranged Weapons | 3 | |
| Ensnare | 1 | |
| Spiked Barricades | 3 | |
| Envenomed Spears | 1 | |
| Pillage | 1 | |
17 total
» buildings
| Orc Burrow | 8 | |
| Altar of Storms | 1 | |
| Barracks | 1 | |
| Voodoo Lounge | 1 | |
| Stronghold | 1 | |
| War Mill | 2 | |
| Watch Tower | 111 | |
| Great Hall | 9 | |
| Fortress | 1 | |
| Spirit Lodge | 1 | |
| Beastiary | 7 | |
143 total
» build order
00:14 Orc Burrow
00:55 Altar of Storms
00:59 Barracks
01:20 Orc Burrow
02:01 Voodoo Lounge
02:59 Stronghold
03:42 War Mill
04:09 Orc Burrow
05:08 Watch Tower
05:13 Watch Tower
06:24 Great Hall
06:26 Watch Tower
06:26 Watch Tower
06:27 Watch Tower
08:54 Fortress
08:57 Watch Tower
08:59 Watch Tower
08:59 Watch Tower
09:02 Watch Tower
09:11 Watch Tower
11:32 Spirit Lodge
11:34 Beastiary
11:35 Beastiary
11:36 Beastiary
11:39 Orc Burrow
11:39 Orc Burrow
11:40 Orc Burrow
11:44 Orc Burrow
11:46 Watch Tower
11:46 Watch Tower
12:45 Watch Tower
12:46 Watch Tower
12:47 Watch Tower
21:06 War Mill
22:23 Great Hall
22:26 Watch Tower
22:26 Watch Tower
22:27 Watch Tower
22:29 Watch Tower
22:30 Watch Tower
22:30 Watch Tower
22:31 Watch Tower
22:32 Watch Tower
22:32 Watch Tower
22:32 Watch Tower
22:33 Watch Tower
28:57 Watch Tower
28:57 Watch Tower
28:57 Watch Tower
29:02 Great Hall
29:04 Watch Tower
29:05 Watch Tower
29:05 Watch Tower
29:13 Watch Tower
29:14 Watch Tower
29:16 Watch Tower
29:17 Watch Tower
29:20 Watch Tower
29:21 Watch Tower
31:13 Great Hall
31:18 Watch Tower
31:19 Watch Tower
31:19 Watch Tower
31:21 Watch Tower
31:21 Watch Tower
31:21 Watch Tower
31:22 Watch Tower
31:23 Watch Tower
31:23 Watch Tower
31:23 Watch Tower
31:24 Watch Tower
37:27 Watch Tower
37:29 Watch Tower
37:29 Watch Tower
37:31 Watch Tower
37:31 Watch Tower
37:33 Watch Tower
37:33 Watch Tower
37:34 Watch Tower
37:34 Watch Tower
38:26 Watch Tower
38:26 Watch Tower
38:26 Watch Tower
38:27 Watch Tower
38:29 Watch Tower
40:38 Great Hall
42:58 Beastiary
42:58 Beastiary
42:59 Beastiary
43:00 Orc Burrow
44:01 Beastiary
46:16 Watch Tower
46:18 Watch Tower
46:19 Watch Tower
46:20 Watch Tower
46:21 Watch Tower
56:26 Great Hall
56:31 Watch Tower
56:31 Watch Tower
56:31 Watch Tower
56:33 Watch Tower
56:34 Watch Tower
56:34 Watch Tower
56:35 Watch Tower
56:39 Watch Tower
56:40 Watch Tower
64:02 Great Hall
65:39 Great Hall
66:21 Watch Tower
66:21 Watch Tower
66:21 Watch Tower
66:22 Watch Tower
66:23 Watch Tower
66:23 Watch Tower
66:33 Watch Tower
66:33 Watch Tower
66:36 Watch Tower
66:37 Watch Tower
68:32 Great Hall
68:35 Watch Tower
68:36 Watch Tower
68:36 Watch Tower
68:36 Watch Tower
68:38 Watch Tower
68:41 Watch Tower
101:06 Watch Tower
101:07 Watch Tower
101:08 Watch Tower
101:09 Watch Tower
101:10 Watch Tower
101:12 Watch Tower
101:14 Watch Tower
101:15 Watch Tower
101:16 Watch Tower
101:17 Watch Tower
101:19 Watch Tower
101:19 Watch Tower
» items
| Healing Salve | 2 | |
| Dust of Appearance | 1 | |
| Periapt of Vitality | 2 | |
| Staff of Teleportation | 1 | |
6 total
Chat log
(00:09 / Allies) LoveIsOutOfSigh: VVCX is my enemy
(00:26 / Allies) Foo_Fighter: soooo...we kill him?
(00:28 / Allies) LoveIsOutOfSigh: Aye
(00:40 / Allies) LoveIsOutOfSigh: We butcher his body and feed him to the pigs
(00:42 / Allies) Foo_Fighter: rifles morts
(00:50 / Allies) Foo_Fighter: BAM ang goats
(01:10 / All) LoveIsOutOfSigh: There is a nigger amongst us
(01:26 / All) ThyBeast: racist fucker
(01:35 / All) LoveIsOutOfSigh: You would whine, niggerbeast
(01:53 / All) ThyBeast: you wont say that to a black mans face bro
(02:05 / All) ThyBeast: lil Bitch
(02:06 / All) ThyBeast: i will anyday bro
(02:15 / All) LoveIsOutOfSigh: I'm a level 4 samurai
(02:19 / All) Destronoyzer: game over
(02:24 / All) ThyBeast: kooool
(02:34 / All) LoveIsOutOfSigh: and I know over 200 Jujutsu sweeps, trips, tosses and submissions
(02:41 / All) ThyBeast: wow....
(02:53 / All) LoveIsOutOfSigh: red is good lol
(03:07 / All) LoveIsOutOfSigh: (jk he sucks
(04:21 / All) LoveIsOutOfSigh: red you're good
(04:23 / All) LoveIsOutOfSigh: jk
(04:25 / All) LoveIsOutOfSigh: you suck
(04:28 / All) Foo_Fighter: BURN
(04:29 / All) ReallyDigBick: Ty
(06:13 / Allies) LoveIsOutOfSigh: red and tyellow best players on bnet
(07:32 / Allies) Foo_Fighter: weve got no units
(08:43 / Allies) LoveIsOutOfSigh: how often do you practice yellow you're really good
(08:53 / Allies) Foo_Fighter: its natural
(09:24 / Allies) LoveIsOutOfSigh: charge yellow
(10:48 / Allies) Pepito: illutions
(11:47 / Allies) LoveIsOutOfSigh: wood
(12:50 / Allies) LoveIsOutOfSigh: wood
(13:11 / Allies) LoveIsOutOfSigh: alright we get raped by mass wyrms ain't my fault
(13:32 / Allies) Foo_Fighter: we got lots of hippos
(13:56 / All) Destronoyzer: i want all versus me
(14:24 / Allies) Foo_Fighter: b?
(15:05 / Allies) Foo_Fighter: who needs gold?
(15:09 / Allies) LoveIsOutOfSigh: I need lumber
(15:10 / Allies) Destronoyzer: i need
(15:24 / All) speed_shotx: wow
(15:27 / All) speed_shotx: green and red blow
(15:30 / All) speed_shotx: j
(15:47 / All) LoveIsOutOfSigh: I disagree, red is perhaps the finest player to ever grace BattleNet
(16:09 / All) ReallyDigBick: I might actually find out where you live and kill you
(16:25 / All) LoveIsOutOfSigh: Who?
(16:39 / All) Destronoyzer: ok
(16:42 / All) Destronoyzer: all x me
(17:18 / Allies) Foo_Fighter: wowo
(17:20 / Allies) Foo_Fighter: nice purp
(17:26 / All) LoveIsOutOfSigh: lol
(17:31 / All) ReallyDigBick: Dick
(17:46 / All) LoveIsOutOfSigh: purple is an embarrassment
(18:41 / Allies) Foo_Fighter: we have no melee
(18:52 / Allies) Foo_Fighter: 2 orc no melee?
(18:54 / Allies) LoveIsOutOfSigh: Is not need, we have a ronin warrior
(19:18 / All) LoveIsOutOfSigh: I'm raping you nigger
(19:18 / All) ReallyDigBick: Teal what you doing with the tauren
(21:05 / All) ReallyDigBick: Or bats, lOL
(22:09 / All) speed_shotx: lmfao
(23:28 / Allies) Foo_Fighter: teal get uniuts
(23:39 / Allies) LoveIsOutOfSigh: I'm upgrading for them
(23:52 / Allies) LoveIsOutOfSigh: give me some lumber
(25:13 / All) LoveIsOutOfSigh: Ronin warrior!
(25:48 / All) ReallyDigBick: fUCKING WARDS
(27:15 / All) LoveIsOutOfSigh: they weere out there having fun in teh warm california sun!
(28:27 / All) ThyBeast: fuck this shit
(28:30 / All) LoveIsOutOfSigh: ;ol
(28:39 / All) LoveIsOutOfSigh: mess with the best, die like the rest
(28:41 / All) ThyBeast: my own teammate talking shit to each other
(28:50 / All) Foo_Fighter: teal literally has no units
(28:51 / All) LoveIsOutOfSigh: Yeah well that's because you're a pack of niglets
(29:13 / Allies) Pepito: hit orange
(29:42 / Allies) LoveIsOutOfSigh: Orange thinks he's gonna win he's cute
(31:12 / Allies) Foo_Fighter: teal can u hook me up with some gold?
(31:15 / Allies) LoveIsOutOfSigh: yeah
(31:27 / Allies) LoveIsOutOfSigh: wood for gold
(31:32 / Allies) Foo_Fighter: deal
(31:56 / Allies) LoveIsOutOfSigh: every wood you give is how much gold you get
(32:01 / Allies) Foo_Fighter: deal
(32:18 / Allies) Foo_Fighter: can i do it in loan installments?
(32:29 / Allies) LoveIsOutOfSigh: just give 1k wood and I give 1k gold
(33:29 / Allies) LoveIsOutOfSigh: I can't get units I only had 350 wood
(34:21 / All) LoveIsOutOfSigh: I think base trading ain't in your interests, monsieurs
(37:36 / Allies) LoveIsOutOfSigh: wood
(37:39 / Allies) LoveIsOutOfSigh: for bats
(37:42 / Allies) LoveIsOutOfSigh: and wyvs
(37:47 / Allies) LoveIsOutOfSigh: actually just wyvs
(37:54 / Allies) LoveIsOutOfSigh: Thanks sir
(39:08 / All) LoveIsOutOfSigh: nigger get away from my expos
(39:20 / All) LoveIsOutOfSigh: lose your dk now
(41:20 / All) ReallyDigBick: Nice tyry
(41:39 / All) LoveIsOutOfSigh: lol
(42:01 / Allies) Pepito: 1000 of gold plz
(42:15 / All) speed_shotx: my team
(42:17 / All) speed_shotx: sucked dick
(42:26 / Allies) Pepito: teal give me soe gold plz
(42:31 / Allies) LoveIsOutOfSigh: wood
(43:04 / All) ThyBeast: you went after teal idky orange
(43:16 / All) speed_shotx: me?
(43:19 / Allies) Pepito: teal gold me
(43:23 / All) speed_shotx: what..
(43:57 / All) speed_shotx: its gg
(43:59 / All) speed_shotx: one blade storm
(44:00 / All) speed_shotx: and im fucked
(44:33 / All) speed_shotx: any chance you just gonna leave teal
(44:45 / All) LoveIsOutOfSigh: I could do anything
(44:51 / All) LoveIsOutOfSigh: Stats me
(45:12 / All) speed_shotx: you should give me an a for effort with this shit team
(45:25 / All) LoveIsOutOfSigh: was mine much better?
(45:41 / All) speed_shotx: i suppose not but somewhat decent
(45:53 / All) LoveIsOutOfSigh: Yellow lost his hero creeping and expansion
(46:02 / All) ReallyDigBick: Lol
(46:30 / All) LoveIsOutOfSigh: how much gold do you gentlemen have?
(46:37 / All) ReallyDigBick: Lol
(46:38 / All) speed_shotx: nothing lol
(46:39 / All) ReallyDigBick: 85
(46:57 / All) LoveIsOutOfSigh: I have a tidy sum of some 32,000 golden coins
(47:07 / All) ReallyDigBick: No you dont
(47:12 / All) LoveIsOutOfSigh: Aye, I certainly do
(47:19 / All) ReallyDigBick: I'll see after this game
(47:21 / All) speed_shotx: yea i could assume
(47:32 / All) speed_shotx: look at red
(47:34 / All) speed_shotx: fucking a
(47:40 / All) ReallyDigBick: I have more wood than you so it's all good
(47:47 / All) LoveIsOutOfSigh: 2,000 wood
(47:54 / All) ReallyDigBick: I'm not talking about game
(48:03 / All) speed_shotx: lol
(48:07 / Allies) Pepito: game you all I have and you didn't share gold
(48:28 / All) ReallyDigBick: ;)
(48:33 / All) ReallyDigBick: OOOOMMMMGGGGGGG
(48:42 / All) speed_shotx: who to
(48:50 / Allies) Pepito: where the hell is pink
(48:56 / Allies) Pepito: damn tanks park there
(50:30 / All) ReallyDigBick: Lol he wouldn't fucking come to my base
(50:47 / All) Pepito: come on red get out of your cave
(51:02 / All) ReallyDigBick: bUT THIS IS MY VILLIAGE
(51:35 / All) LoveIsOutOfSigh: Goddamn it
(51:37 / All) ReallyDigBick: Fuck you
(51:41 / All) LoveIsOutOfSigh: autopick on fantasy football drafted me a nigger
(51:44 / All) LoveIsOutOfSigh: I was 6 minutes lates lawl
(51:45 / All) ReallyDigBick: Get that sentry off me
(51:50 / All) LoveIsOutOfSigh: I wanted Tom brady
(52:14 / All) LoveIsOutOfSigh: this sucks
(52:20 / All) LoveIsOutOfSigh: I was finally in a position to get Tom Bradyt
(52:28 / All) ReallyDigBick: Bye bye pink
(53:43 / All) ReallyDigBick: Why isnt he using his tanks ?
(53:50 / All) Pepito: he'ss leep
(53:58 / All) ReallyDigBick: Oh LOL
(54:35 / All) ReallyDigBick: Ok, Ok, PEON ATTTTACK
(54:58 / All) ReallyDigBick: bITCH
(55:06 / All) Pepito: thnx
(55:09 / All) Pepito: lev 10
(55:10 / All) ReallyDigBick: Oh fuck
(55:16 / All) ReallyDigBick: Lol I hate you
(55:21 / All) Pepito: lol
(55:31 / All) Pepito: it's all teal idea
(55:37 / All) ReallyDigBick: What is ?
(55:47 / All) LoveIsOutOfSigh: Alright fuck that league
(55:52 / All) LoveIsOutOfSigh: I'm gonna bench all my players
(56:01 / All) LoveIsOutOfSigh: Good thing that ain't no money league
(56:07 / All) ReallyDigBick: LOL
(56:26 / All) Pepito: damn teal with almost 50K of gold and don't use it
(58:26 / All) ReallyDigBick: AWWWW YEAHHH
(58:42 / All) ReallyDigBick: yELLOW
(58:46 / All) Pepito: lol
(58:47 / All) ReallyDigBick: Can you get her back ?
(58:53 / All) Pepito: sure I can
(59:02 / All) ReallyDigBick: So your base survived !?
(59:10 / All) LoveIsOutOfSigh: What if I say I'm not like the others, what if I say I'm
(59:11 / All) Pepito: a few
(59:29 / All) ReallyDigBick: Mother fucker
(59:50 / All) Pepito: teal share gold plz
(59:57 / Allies) LoveIsOutOfSigh: do you have any farms?
(60:02 / All) ReallyDigBick: You don't have enough for hero ?
(60:02 / All) Pepito: yes
(60:33 / All) Pepito: lol
(60:38 / All) Pepito: just enough for hero
(60:44 / All) ReallyDigBick: nice
(61:37 / All) ReallyDigBick: Where the fuck is your base
(61:39 / All) LoveIsOutOfSigh: You two are destined to do this forever
(61:42 / All) Pepito: lol
(62:24 / All) Pepito: teal give me half of gold to get chims
(62:39 / All) LoveIsOutOfSigh: Good one, I chuckled heartily
(62:44 / All) ReallyDigBick: LOL
(62:59 / All) ReallyDigBick: Teal where is Yellow's base
(63:06 / All) ReallyDigBick: I'll leave after this attempt
(63:10 / All) LoveIsOutOfSigh: Somewhere in this market place, I can definitely tell you that
(63:15 / All) LoveIsOutOfSigh: I want for you to stay
(63:18 / All) LoveIsOutOfSigh: Maybe you'll win
(63:19 / All) ReallyDigBick: Alright I'll stay
(63:23 / All) ReallyDigBick: No
(63:27 / All) LoveIsOutOfSigh: Lord knows I certainly don't care if I win
(63:39 / All) LoveIsOutOfSigh: Maybe I'll make it so no one can win...
(63:41 / All) ReallyDigBick: Then Don't use your BM anymore! :(
(63:43 / All) Pepito: the owl scout is back with a vengance
(64:27 / All) ReallyDigBick: Ohhhhh shiiiiiiiit
(64:50 / All) Foo_Fighter: holy shit are you guys seriously still playing?
(65:11 / All) ReallyDigBick: Where is yellow ?
(65:15 / All) ReallyDigBick: I want to know
(65:19 / All) ReallyDigBick: Then I'll quit
(65:26 / All) LoveIsOutOfSigh: I don't want you to quit
(65:47 / All) ReallyDigBick: Stop using your BM!
(65:56 / All) Pepito: damn red
(65:58 / All) LoveIsOutOfSigh: You killed my peon, I have to protect my financial interests
(66:00 / All) ReallyDigBick: ?
(66:03 / All) ReallyDigBick: Oh
(66:04 / All) Pepito: you kill my whisper to rebuild
(66:06 / All) ReallyDigBick: Sorry about that
(66:26 / All) ReallyDigBick: LOL take all the gold from this map
(66:42 / All) ReallyDigBick: Yellow is in your mother fucking base isnt he
(66:48 / All) LoveIsOutOfSigh: Nay
(66:49 / All) ReallyDigBick: LOL
(66:53 / All) Pepito: lol
(66:59 / All) Pepito: damn finally pink left
(66:59 / All) ReallyDigBick: Mannnnnnnn
(67:04 / All) LoveIsOutOfSigh: He has only a moonwell
(67:14 / All) Pepito: something good happen there
(67:26 / All) ReallyDigBick: WHERE ARE YOU
(67:30 / All) Pepito: :p
(68:06 / All) LoveIsOutOfSigh: He has red's tanks now
(68:20 / All) LoveIsOutOfSigh: Didn't use them that effectively methinks
(68:45 / All) ReallyDigBick: hahahahahahah
(68:50 / All) Pepito: damn teal
(68:56 / All) Pepito: what the hell
(69:01 / All) ReallyDigBick: WHERE IS YELLOW
(69:06 / All) LoveIsOutOfSigh: Aye, sire?
(69:07 / All) Pepito: lol
(69:19 / All) Pepito: hero coming soon :p
(69:24 / All) ReallyDigBick: where is he
(69:30 / All) ReallyDigBick: I want to kill his altar
(69:37 / All) ReallyDigBick: NOOOO
(69:41 / All) Pepito: hehehel
(69:46 / Allies) LoveIsOutOfSigh: Want to buy your hero again?
(69:47 / All) Pepito: come for me man
(69:53 / All) ReallyDigBick: where
(70:10 / All) Pepito: thnx
(70:26 / All) ReallyDigBick: Where is he :(
(70:31 / All) LoveIsOutOfSigh: Who wants this win?
(70:34 / All) Pepito: red
(70:35 / All) ReallyDigBick: How can your towers see me
(70:39 / All) ReallyDigBick: I want to win :(
(70:44 / All) Pepito: you're gonna die without finding me
(70:56 / All) LoveIsOutOfSigh: With magical wards that are not visible to the naked eye
(71:02 / All) ReallyDigBick: Oh yeah
(71:32 / All) LoveIsOutOfSigh: First to answer this question correctly gets the win:
(71:34 / All) Pepito: look who's back
(71:38 / All) ReallyDigBick: ok
(71:39 / All) LoveIsOutOfSigh: Who was America's finest statesman?
(72:13 / All) ReallyDigBick: New England
(72:24 / All) LoveIsOutOfSigh: StatesMAN sir
(72:56 / All) Pepito: lol
(72:58 / All) LoveIsOutOfSigh: Oh dear
(73:02 / All) LoveIsOutOfSigh: How tragic
(73:05 / All) ReallyDigBick: Lol
(73:12 / All) ReallyDigBick: I win x 2 on that PotM
(73:37 / All) Pepito: need lumber
(73:44 / All) ReallyDigBick: I've got some ....
(73:50 / All) Pepito: thnx
(73:53 / Allies) LoveIsOutOfSigh: better buy a tp
(73:54 / All) Pepito: share some
(73:54 / All) ReallyDigBick: You were running to teal
(74:03 / All) ReallyDigBick: That means your base ISSSSS in his
(74:21 / All) ReallyDigBick: Teal
(74:24 / All) ReallyDigBick: ?
(74:26 / All) LoveIsOutOfSigh: aye?
(74:34 / All) ReallyDigBick: It's in your base isn't it
(74:40 / All) LoveIsOutOfSigh: I assure you it isn't
(74:46 / All) LoveIsOutOfSigh: I wouldn't lie to you
(74:52 / All) ReallyDigBick: Hmm
(75:05 / All) ReallyDigBick: I've looked everywhere
(75:17 / All) LoveIsOutOfSigh: 'Fraid you haven't ,sir
(75:58 / All) ReallyDigBick: Bitch
(76:00 / All) ReallyDigBick: Lol
(76:03 / All) Pepito: lol
(76:31 / All) LoveIsOutOfSigh: My question remains unanswered
(76:42 / All) ReallyDigBick: Greatest statesman?
(76:45 / All) LoveIsOutOfSigh: Aye
(76:57 / All) ReallyDigBick: Wasn't New England ?
(77:05 / All) LoveIsOutOfSigh: Nay, that is a region
(77:10 / All) ReallyDigBick: Omg
(77:10 / All) Pepito: damn you red
(77:13 / All) LoveIsOutOfSigh: not a person, hence it can't be a statesman
(77:34 / Allies) LoveIsOutOfSigh: go to my base yellow
(77:35 / All) Pepito: my whole life is over now
(77:42 / All) ReallyDigBick: That the only well?
(77:42 / Allies) LoveIsOutOfSigh: buy a hall
(77:46 / Allies) LoveIsOutOfSigh: and plant it in my base
(77:51 / Allies) LoveIsOutOfSigh: do not take any gold
(77:58 / Allies) LoveIsOutOfSigh: All the gold belongs to me
(78:13 / Allies) LoveIsOutOfSigh: buy a tiny great hall from my shop, tell me how much you need
(78:36 / Allies) LoveIsOutOfSigh: You won't be able to revive your heroes if you don't do as I tell you
(78:43 / Allies) LoveIsOutOfSigh: For you have no food source
(79:09 / All) LoveIsOutOfSigh: Alexander Hamilton was our nation's finest statesman
(79:16 / All) LoveIsOutOfSigh: I'll cook up another question
(79:23 / All) ReallyDigBick: Ok
(79:50 / All) LoveIsOutOfSigh: What was your favorite Nolan Batman movie?
(80:01 / All) LoveIsOutOfSigh: It's not for the win, I just want to know
(81:39 / All) ReallyDigBick: Actually Batman Begins was pretty good
(81:47 / All) LoveIsOutOfSigh: Aye, they were all good
(81:48 / All) ReallyDigBick: The 2005 movie
(81:59 / All) LoveIsOutOfSigh: best batman adaptions
(82:34 / All) LoveIsOutOfSigh: Do you like Cillian Murphy?
(82:36 / All) LoveIsOutOfSigh: Good actor
(82:42 / All) LoveIsOutOfSigh: 28 days later is another good flick
(82:48 / All) LoveIsOutOfSigh: and Sunshine
(83:13 / Allies) LoveIsOutOfSigh: better tp
(83:22 / Allies) LoveIsOutOfSigh: silly
(83:30 / All) ReallyDigBick: Lol TY teal
(83:42 / All) ReallyDigBick: I haven't heard of that actor
(83:48 / All) LoveIsOutOfSigh: he played scarecrow
(83:54 / All) LoveIsOutOfSigh: dr. crane
(84:02 / All) ReallyDigBick: Really ?
(84:04 / All) LoveIsOutOfSigh: Aye
(84:29 / All) ReallyDigBick: I need to use that mana pool
(84:54 / All) LoveIsOutOfSigh: I've been told I look like Cillian Murphy, but when he's less dreamy like in 28 days later
(85:07 / All) LoveIsOutOfSigh: A man told me that
(85:19 / Allies) LoveIsOutOfSigh: better tp
(85:32 / Allies) LoveIsOutOfSigh: you should buy a tiny greathall
(85:39 / All) ReallyDigBick: Haha really ?
(85:39 / Allies) LoveIsOutOfSigh: how much do you need for one?
(85:46 / All) LoveIsOutOfSigh: aye
(85:56 / Allies) LoveIsOutOfSigh: the shop in the top right corner
(85:59 / Allies) LoveIsOutOfSigh: how much do you need, sir?
(86:01 / All) ReallyDigBick: Can I use mana
(86:03 / Allies) LoveIsOutOfSigh: put it in my base
(86:07 / All) LoveIsOutOfSigh: I don't see why not
(86:11 / Allies) Pepito: how
(86:24 / Allies) LoveIsOutOfSigh: buy the tiny great hall
(86:36 / Allies) LoveIsOutOfSigh: then right click and put it in my base
(86:49 / All) ReallyDigBick: Ty sir
(86:57 / Allies) Pepito: thnx
(87:06 / All) ReallyDigBick: Yellow is in one of your Expo's
(87:12 / All) ReallyDigBick: You said he wasn't
(87:44 / Allies) LoveIsOutOfSigh: I will be forced to kill it
(88:08 / Allies) LoveIsOutOfSigh: actually go ahead
(88:33 / Allies) LoveIsOutOfSigh: I think that one only has 500 gold
(88:47 / Allies) Pepito: yeah
(88:51 / Allies) Pepito: no more gold lef
(89:26 / Allies) LoveIsOutOfSigh: might want to creep
(89:37 / Allies) Pepito: nothing more to creep
(89:39 / Allies) LoveIsOutOfSigh: go to the goblin shop
(89:43 / Allies) LoveIsOutOfSigh: and get tome of retraining
(89:47 / Allies) LoveIsOutOfSigh: get root level 2
(89:50 / Allies) LoveIsOutOfSigh: and the aura level 2
(89:59 / Allies) LoveIsOutOfSigh: it will be better against hte bm
(90:21 / All) ReallyDigBick: You have all the damn mines LOL
(90:38 / All) LoveIsOutOfSigh: And no upkeep all game
(91:07 / All) ReallyDigBick: lmao
(91:18 / Allies) Pepito: leaving home now
(91:32 / Allies) Pepito: but will share contols of heros when you decided to end
(92:05 / All) LoveIsOutOfSigh: Who is your favorite historical figure, best answer will win this game
(92:18 / All) LoveIsOutOfSigh: Top 3 favorites
(92:23 / All) LoveIsOutOfSigh: since everyone likes lists
(92:34 / All) ReallyDigBick: Albert Einstein
(92:41 / All) ReallyDigBick: No questions asked
(93:02 / All) LoveIsOutOfSigh: List your 3 favorites, the list I like the best will win
(94:50 / All) ReallyDigBick: All 3 had HUGE impacts
(95:49 / All) ReallyDigBick: MAYBE Ghandi
(96:11 / All) LoveIsOutOfSigh: you only listed 2 thus far
(96:23 / All) ReallyDigBick: Mannnn, Hmm Adolf Hitler
(96:35 / All) LoveIsOutOfSigh: So your list is Einstein, Gandhi and Hitler?
(96:39 / All) ReallyDigBick: Yeah
(96:46 / All) LoveIsOutOfSigh: You realize you spent 385 gold for less than 500
(96:54 / All) ReallyDigBick: Yeah :(
(96:58 / All) LoveIsOutOfSigh: not counting peons if you built them there
(97:11 / All) ReallyDigBick: It was the only goldmine you didnt have lol
(97:41 / All) ReallyDigBick: Oh well...I tried
(97:48 / All) LoveIsOutOfSigh: Well your list is currently better than yellow's who doesn't have one
(97:59 / All) ReallyDigBick: Lol
(98:10 / All) ReallyDigBick: I have to go :(
(98:17 / All) ReallyDigBick: Nice playing with you
(98:20 / All) LoveIsOutOfSigh: Why don't you alt tab and leave your warcraft on?
(98:27 / All) ReallyDigBick: Yellow will kill me
(98:31 / All) LoveIsOutOfSigh: nay
(98:35 / All) LoveIsOutOfSigh: I'll kill yellow
(98:36 / All) ReallyDigBick: Al;right
(98:39 / All) ReallyDigBick: brb
(100:00 / All) ReallyDigBick: Dinner has been brought to me
(100:01 / All) ReallyDigBick: Lol
(100:19 / All) ReallyDigBick: <3 Girlfriend
(100:31 / All) ReallyDigBick: Are you there?
(100:34 / All) LoveIsOutOfSigh: aye
(101:13 / All) ReallyDigBick: Who did yellow pick
(102:41 / All) ReallyDigBick: People underestimate Witch Doc's
(102:47 / All) LoveIsOutOfSigh: quite handy
(103:13 / All) ReallyDigBick: Sentry
(103:28 / All) ReallyDigBick: Well not anymore lol
(103:37 / All) LoveIsOutOfSigh: Where is your fine BM sir?
(103:45 / All) ReallyDigBick: In my base Lol
(103:52 / All) ReallyDigBick: Yellow doesnt have an alter ?
(104:00 / All) LoveIsOutOfSigh: Yellow is completely dead from this game so is pink
(104:02 / All) ReallyDigBick: He got revealed and nothing
(104:26 / All) ReallyDigBick: Why do you want to kill my BM
(104:36 / All) ReallyDigBick: Isee you
(104:41 / All) LoveIsOutOfSigh: Doing a special little thing called a standoff
(105:08 / All) ReallyDigBick: Me and you ?
(105:27 / All) ReallyDigBick: Alright Look my BM in the eyes
(105:28 / All) LoveIsOutOfSigh: you and yellow
(105:38 / All) ReallyDigBick: Yellow is nowhere
(107:31 / All) ReallyDigBick: Alright man ....I can't beat you and can't find yellow
(107:34 / All) ReallyDigBick: gg
(107:36 / All) LoveIsOutOfSigh: Yellow has no units
(107:39 / All) LoveIsOutOfSigh: or buildings
(107:47 / All) LoveIsOutOfSigh: I am killing all of my units and unit producers
(107:49 / All) LoveIsOutOfSigh: after I get your BM
(107:56 / All) ReallyDigBick: Lol
(107:59 / All) LoveIsOutOfSigh: then you and yellow must wait for hte other to leave
(108:02 / All) LoveIsOutOfSigh: to get the win
(108:10 / All) ReallyDigBick: Alright...
(108:18 / All) ReallyDigBick: But he will have your gold
(108:22 / All) ReallyDigBick: And halls
(108:23 / All) LoveIsOutOfSigh: How?
(108:25 / All) ReallyDigBick: And peons
(108:28 / All) LoveIsOutOfSigh: He will have no way to produce units
(108:28 / All) ReallyDigBick: If you leave
(108:33 / All) LoveIsOutOfSigh: I have no halls
(108:35 / All) LoveIsOutOfSigh: or burrows
(108:39 / All) LoveIsOutOfSigh: IU have only BM
(108:43 / All) LoveIsOutOfSigh: and peons which I will kill
(108:48 / All) LoveIsOutOfSigh: they are all dead
(108:55 / All) LoveIsOutOfSigh: already revealed
(108:57 / All) ReallyDigBick: Alright do it now and we will have BM showdown in middle
(108:59 / All) LoveIsOutOfSigh: look at your minimap
(109:07 / All) LoveIsOutOfSigh: go to the middle
(109:10 / All) ReallyDigBick: Ok
(109:16 / All) ReallyDigBick: Let me mana up
(109:18 / All) LoveIsOutOfSigh: go to the miens with your vision
(109:27 / All) LoveIsOutOfSigh: you will see only towers
(109:36 / All) ReallyDigBick: Yeah
(109:54 / All) ReallyDigBick: LOL ward
(109:58 / All) ReallyDigBick: Well shit
(110:15 / All) ReallyDigBick: Nice items on BM
(110:18 / All) LoveIsOutOfSigh: Aye
(110:23 / All) LoveIsOutOfSigh: Orange couldn't kill me :)
(110:27 / All) ReallyDigBick: Yellow has his heroes still
(110:28 / All) LoveIsOutOfSigh: I didn't even need TP
(110:32 / All) LoveIsOutOfSigh: No he doesn't
(110:34 / All) LoveIsOutOfSigh: I killed them
(110:38 / All) ReallyDigBick: Lmao really ?
(110:41 / All) LoveIsOutOfSigh: yes
(111:18 / All) ReallyDigBick: I should have put the gloves on the ground that I had
(111:27 / All) ReallyDigBick: Your BM would have been beast
(112:03 / All) LoveIsOutOfSigh: this is a standoff
(112:12 / All) LoveIsOutOfSigh: guessI should kill your hall just in cawse
(112:17 / All) ReallyDigBick: Lol
(112:20 / All) ReallyDigBick: I have 13 g
(112:34 / All) ReallyDigBick: What you see is what you get lol
(112:59 / All) ReallyDigBick: All your peons gone ?
(113:02 / All) LoveIsOutOfSigh: yes
(113:05 / All) LoveIsOutOfSigh: ony my BM remains
(113:10 / All) ReallyDigBick: Lmai
(113:24 / All) LoveIsOutOfSigh: Farewell and best of luck to you gentlemen